 Dungeon Crawl Stone Soup version 0.29-a0-338-g1ff7896281 (webtiles) character file.

Game seed: 489672974768467189

1 zerobeta the Conjurer (level 1, 0/13 HPs)
             Began as a Human Conjurer on Apr 18, 2022.
             Slain by a bat (1 damage)
             ... on level 1 of the Dungeon.
             The game lasted 00:01:11 (128 turns).

zerobeta the Conjurer (Human Conjurer)               Turns: 128, Time: 00:01:11

Health: 0/13       AC:  2    Str:  7    XL:     1   Next: 22%
Magic:  3/3        EV: 12    Int: 18    God:
Gold:   0          SH:  0    Dex: 11    Spells: 3/4 levels left

rFire   . . .      SeeInvis .   (no weapon)
rCold   . . .      Faith    .   (no shield)
rNeg    . . .      Spirit   .   a - +0 robe
rPois   .          Reflect  .   (no helmet)
rElec   .          Harm     .   (no cloak)
rCorr   .          Rampage  .   (no gloves)
Will    .....                   (no boots)
Stlth   ++........              (no amulet)
HPRegen 0.04/turn               (no ring)
MPRegen 0.08/turn               (no ring)

@: no status effects
A: no striking features
a: no special abilities


You were on level 1 of the Dungeon.
You visited 1 branch of the dungeon, and saw 1 of its levels.

Inventory:

Armour
 a - a +0 robe (worn)
Potions
 b - a potion of magic


   Skills:
 + Level 2.0 Dodging
 + Level 2.0 Stealth
 + Level 2.0 Spellcasting
 + Level 4.0 Conjurations


You had 3 spell levels left.
You knew the following spells:

 Your Spells              Type           Power      Damage    Failure   Level
a - Magic Dart            Conj           64%        1d6       3%          1

Your spell library contained the following spells:

 Spells                   Type           Power      Damage    Failure   Level
 Searing Ray              Conj           32%        2d5       5%          2
 Dazzling Flash           Conj/Hex       18%        N/A       24%         3
 Fulminant Prism          Conj/Hex       4%         3d6       61%         4
 Iskenderun's Mystic Bla  Conj/Tloc      9%         2d4       61%         4


Dungeon Overview and Level Annotations

Branches:
Dungeon (1/15)

Altars:

Shops:
D:1 :


Message History

There are no items here.
There are no items here.
You open the door.
A bat comes into view.
Found 18 stones.
Found Otij Geruh's Book Shop.
A bat is nearby!
The bat closely misses you. The bat misses you.
The bat hits you but does no damage. The bat closely misses you.
The bat hits you but does no damage. The bat barely misses you.
The bat barely misses you. The bat hits you. The bat attacks as you move away!
The bat hits you but does no damage. The bat misses you. x2
The bat closely misses you. The bat hits you but does no damage.
The bat closely misses you. The bat attacks as you move away! The bat hits you.
The bat hits you but does no damage. The bat completely misses you.
You closely miss the bat. The bat hits you. The bat misses you.
The bat completely misses you.
You hit the bat but do no damage. The bat misses you.
The bat attacks as you move away! The bat closely misses you.
The bat hits you but does no damage. The bat completely misses you.
The bat hits you. x2
* * * LOW HITPOINT WARNING * * *
You hit the bat.
The bat is moderately wounded.
The bat hits you.
* * * LOW HITPOINT WARNING * * *
The bat hits you but does no damage.
You hit the bat but do no damage.
The bat is moderately wounded.
The bat hits you.
* * * LOW HITPOINT WARNING * * *
The bat misses you. The bat closely misses you. The bat misses you.
The bat hits you.
You die...

#.##..##..##.........#
###'###'###+#######.####
#.............# #.#
#.8.⌠⌠⌠(⌠⌠⌠.8.#####.######
#.............##.........#
#≈≈≈≈≈≈≈≈≈≈≈≈≈##.##.####.#
#≈≈≈≈≈≈≈≈≈≈≈≈≈##.##.#
#≈≈≈≈≈≈≈≈≈≈≈≈≈##.##.####.#
#≈≈≈≈≈≈≈≈≈≈≈≈≈#.@........#
#≈≈≈≈≈≈≈≈≈≈≈≈≈#b..#........
#≈≈≈≈≈≈≈≈≈≈≈≈≈##.....###.##
#≈≈≈≈≈≈≈≈≈≈≈≈≈##......# #
#≈≈≈≈≈≈≈≈≈≈≈≈≈##........
#≈≈≈≈≈≈≈≈≈≈≈≈≈#####.#####
#≈≈≈≈≈≈≈≈≈≈≈≈≈# #.#
#≈≈≈≈≈≈≈≈≈≈≈≈≈# #.#
#≈≈≈≈≈...≈≈≈≈≈#


You could see a bat.

Vanquished Creatures
  A hobgoblin (D:1)
1 creature vanquished.

Notes
Turn   | Place    | Note
-------+----------+-------------------------------------------
     0 | D:1      | zerobeta the Human Conjurer began the quest for the Orb.
     0 | D:1      | Reached XP level 1. HP: 13/13 MP: 3/3
    98 | D:1      | Found Otij Geruh's Book Shop.
   128 | D:1      | Slain by a bat

Illustrated notes

Levels and vault maps discovered:
D:1:      zaba_arrival_water, layout_loops_corners, serial_shops,
          shop_fountains, dk_noncrumbling_4

Action                   || total
-------------------------++-------
Melee: Unarmed           ||    25
Armor: Robe              ||    10
Dodge: Dodged            ||    30

Table legend: (Time is in decaauts)
 A = Elapsed time spent in this place.
 B = Non-inter-level travel time spent in this place.
 C = Inter-level travel time spent in this place.
 D = Time resting spent in this place.
 E = Time spent auto-exploring this place.
 F = Levels seen in this place.
 G = Mean time per level.
                   A        B        C        D        E       F      G
               +--------+--------+--------+--------+--------+-----+--------+
         Total |    134 |     90 |     44 |      0 |      0 |   1 |  134.0 |
       Dungeon |    134 |     90 |     44 |      0 |      0 |   1 |  134.0 |
               +--------+--------+--------+--------+--------+-----+--------+

Top non-repeatable levels by time:
     D:1: 134 daAuts
